 Dungeon Crawl Stone Soup version 0.31.0-11-ge490571c62 (webtiles) character file.

Game seed: 3947385456387436672

3621 wormsofcant the Mimic (level 9, -22/74 HPs)
             Began as an Armataur Shapeshifter on Feb 4, 2024.
             Was a Believer of Nemelex Xobeh.
             Killed from afar by an acid dragon (26 damage)
             ... with a splash of acid
             ... on level 8 of the Dungeon.
             The game lasted 00:20:47 (7795 turns).

wormsofcant the Mimic (Armataur Shapeshifter)       Turns: 7795, Time: 00:20:48

Health: -22/74     AC: 11    Str: 23    XL:     9   Next: 86%
Magic:  13/13      EV:  9    Int: 12    God:    Nemelex Xobeh [**....]
Gold:   268        SH:  0    Dex: 11    Spells: 3/8 levels left

rFire   . . .        a - melded +2 dagger (speed)
rCold   . . .        y - melded orb {*Rage}
rNeg    . . .        i - +7 ring mail of Untold Secrets {Rampage Fly Int+2}
rPois   .            (no helmet)
rElec   .            x - +0 cloak
rCorr   .            (gloves currently unavailable)
SInv    .            (no barding)
Will    +....        (no amulet)
Stlth   +            G - +4 ring of slaying
HPRegen 0.32/turn    I - ring of willpower
MPRegen 0.13/turn

%: roll
@: blade hands, flying
A: large, deformed body, tough skin 3, armoured tail, roll 2, stinger 1
a: Begin Untransformation, Renounce Religion, Draw Escape, Draw Destruction,
Draw Summoning


You were on level 8 of the Dungeon.
You worshipped Nemelex Xobeh.
Nemelex Xobeh was pleased with you.
You had blades for hands.
You visited 2 branches of the dungeon, and saw 9 of its levels.
You also visited: Sewer.

You collected 444 gold pieces.
You spent 176 gold pieces at shops.

Inventory:

Hand Weapons
 a - a +2 dagger of speed (melded)
 b - a +0 orcbow
 e - a +0 rapier
Missiles
 m - 2 poisoned darts (quivered)
 B - 10 boomerangs
Armour
 i - the +7 ring mail of Untold Secrets (worn) {Rampage Fly Int+2}
   (You found it on level 5 of the Dungeon)

   Int+2:     It affects your intelligence (+2).
   Fly:       It grants you flight.
   Rampage:   It bestows one free step when moving towards enemies.
 x - a +0 cloak (worn)
 y - an orb of wrath (melded)
 D - a +2 robe of resistance
 K - a +2 buckler
Jewellery
 G - a +4 ring of slaying (left blade hand)
 I - a ring of willpower (right blade hand)
Talismans
 c - a beast talisman
 d - a flux talisman
 z - a blade talisman (active)
Wands
 F - a wand of charming (17)
Scrolls
 g - 2 scrolls of fear
 h - a scroll of immolation
 j - a scroll of blinking
 k - a scroll of butterflies
 l - 6 scrolls of vulnerability {unknown}
 n - 4 scrolls of teleportation {unknown}
 p - a scroll of amnesia {unknown}
 r - a scroll of poison {unknown}
 s - a scroll of noise {unknown}
 C - a scroll of enchant armour {unknown}
 E - a scroll of torment
 J - a scroll of identify
Potions
 f - 5 potions of mutation
 o - 2 potions of enlightenment
 q - a potion of cancellation
 t - a potion of invisibility {unknown}
 u - a potion of brilliance
 v - a potion of haste {unknown}
 w - 2 potions of curing
 A - a potion of resistance {unknown}
 H - a potion of ambrosia {unknown}


   Skills:
 - Level 5.4 Fighting
 - Level 1.3 Dodging
 - Level 2.6 Unarmed Combat
 * Level 5.9 Invocations
 - Level 10.0 Shapeshifting


You had 3 spell levels left.
You knew the following spells:

 Your Spells              Type           Power      Damage    Failure   Level
a - Call Imp              Summ           0%         N/A       63%         2
x - Apportation           Tloc           0%         N/A       47%         1
Q - Blink                 Tloc           0%         N/A       63%         2

Your spell library contained the following spells:

 Spells                   Type           Power      Damage    Failure   Level
 Magic Dart               Conj           0%         1d3       47%         1
 Necrotise                Necr           0%         1d4       47%         1
 Sting                    Conj/Alch      0%         1d3       47%         1
 Summon Small Mammal      Summ           0%         N/A       47%         1
 Lesser Beckoning         Tloc           0%         N/A       63%         2
 Sublimation of Blood     Necr           0%         N/A       63%         2
 Gell's Gravitas          Tloc           0%         N/A       85%         3
 Teleport Other           Tloc           0%         N/A       85%         3
 Summon Hydra             Summ           0%         N/A       100%        7


Dungeon Overview and Level Annotations

Branches:
Dungeon (8/15)             Temple (1/1) D:5           Sewer (visited)
   Lair: D:8-11

Altars:
Ashenzari
Cheibriados
Dithmenos
Gozag
Hepliaklqana
Kikubaaqudgha
Makhleb
Nemelex Xobeh
Okawaru
Ru
Trog
Uskayaw
Vehumet
Xom
Yredelemnul
Zin
The Shining One

Shops:
D:7 :

Annotations:
D:3 1 runed translucent door, Crazy Yiuf
D:4 Blork the orc
D:8 Psyche


Innate Abilities, Weirdness & Mutations

You have blades for hands.
You are incapable of wielding weapons or throwing items.
Armour fits poorly on your strangely shaped body.
You have extremely tough skin. (AC +3)
You have a long armoured tail.
You regenerate magic and health when rolling toward enemies. (Rampage Regen)
Your tail ends in a venomous barb.


Message History

The steam dragon claws you but does no damage.
You slash the steam dragon! You tail-slap the steam dragon.
The steam dragon is heavily wounded.
The steam dragon closely misses you.
The steam dragon claws you but does no damage.
You slash the steam dragon!
Your tail-slap misses the steam dragon.
The steam dragon is almost dead.
The steam dragon bites you but does no damage.
The steam dragon claws you but does no damage.
You closely miss the steam dragon.
The steam dragon is almost dead.
The steam dragon breathes steam at you. The ball of steam hits you.
You hear a shout!
You hear an angry buzzing noise.
You slice the steam dragon!!
You kill the steam dragon!
You are engulfed in a cloud of scalding steam.
The acid dragon spits acid at you. The splash of acid hits you!
* * * LOW HITPOINT WARNING * * *
You hear an angry buzzing noise.
You draw a card...
You have drawn Vitriol.
Press: ? - help, Shift-Dir - straight line, f - acid dragon
Aim: an acid dragon (moderately wounded)
The bolt of acid hits the acid dragon!
The acid dragon is heavily wounded.
You hear two shouts!
The acid dragon spits acid at you. The splash of acid hits you!
* * * LOW HITPOINT WARNING * * *
You draw a card...
You have drawn Pain.
Press: ? - help, Shift-Dir - straight line, f/p - acid dragon
Aim: an acid dragon (heavily wounded)
The acid dragon convulses!
The acid dragon spits acid at you. The splash of acid hits you!!
You die...
Your body disappears without a glow.

#.# #.#
#.# #.#
♣♣#.##
♣♣~#
♣.♣#..#
~P~#
#♣♣.♣♣...#
P~..
F...♣....#
♣♣♣# #.D
♣.D@.# ~P
#k♣♣♣.#..#
P~♣
#.♣♣)♣#..#
♣~#
#♣..♣♣#..#
♣#
♣♣.♣♣#..#
♣♣.♣#..#
♣.♣♣#..#
### #..#
...#


You could see an acid dragon (catching breath).

Vanquished Creatures
  Pikel (D:8)
  Grinder (D:4)
  A hornet (D:5)
  A wyvern (D:8)
  A steam dragon (D:8)
  Menkaure (D:6)
  3 water moccasins
  An orc warrior (D:6)
  2 sky beasts
  An ice beast (D:6)
  3 ogres
  A centaur (D:8)
  A phantom (D:5)
  2 bullfrogs
  4 scorpions
  A wight (D:8)
  2 jellies
  3 hounds (D:6)
  A gnoll bouda (D:5)
  2 bombardier beetles (D:7)
  2 orc priests (D:5)
  2 sleepcaps
  6 orc wizards
  4 gnolls (D:5)
  A river rat (D:6)
  10 adders
  A shadow imp (D:5)
  A white imp (D:6)
  4 ufetubi
  8 dart slugs
  A ribbon worm (D:5)
  25 orcs
  20 endoplasms
  9 giant cockroaches
  14 goblins
  6 hobgoblins
  6 kobolds
  3 quokkas
  13 ball pythons
  4 bats
  6 frilled lizards
  9 rats
188 creatures vanquished.

Notes
Turn   | Place    | Note
-------+----------+-------------------------------------------
     0 | D:1      | wormsofcant the Armataur Shapeshifter began the quest for
                  | the Orb.
     0 | D:1      | Reached XP level 1. HP: 15/15 MP: 1/1
   158 | D:1      | Reached skill level 3 in Shapeshifting
   244 | D:1      | Reached XP level 2. HP: 19/22 MP: 2/2
  1052 | D:2      | Reached XP level 3. HP: 17/27 MP: 3/3
  1436 | D:3      | Found a glowing golden altar of the Shining One.
  1472 | D:3      | Reached skill level 4 in Shapeshifting
  1690 | D:3      | Reached XP level 4. HP: 34/34 MP: 4/4
  2175 | D:3      | Found a runed translucent door.
  2176 | D:3      | Noticed Crazy Yiuf
  2345 | D:4      | Noticed Grinder
  2379 | D:4      | Paralysed by Grinder for 2 turns
  2382 | D:4      | Killed Grinder
  2383 | D:4      | Reached skill level 5 in Shapeshifting
  2383 | D:4      | Reached XP level 5. HP: 39/39 MP: 5/5
  2383 | D:4      | Reached XP level 6. HP: 46/46 MP: 6/6
  2457 | D:4      | Found a shimmering altar of Xom.
  2461 | D:4      | Learned a level 2 spell: Call Imp
  2700 | D:4      | Noticed Blork the orc
  2754 | D:4      | Reached skill level 6 in Shapeshifting
  3310 | D:5      | Entered Level 5 of the Dungeon
  3312 | D:5      | Noticed a water moccasin
  3320 | D:5      | Killed a water moccasin
  3321 | D:5      | Gained mutation: You regenerate magic and health when
                  | rolling toward enemies. (Rampage Regen) [Armataur growth]
  3321 | D:5      | Reached XP level 7. HP: 51/51 MP: 7/7
  3526 | D:5      | Reached skill level 7 in Shapeshifting
  3533 | D:5      | Reached skill level 1 in Fighting
  3556 | D:5      | Gained mutation: Your tail ends in a venomous barb. [potion
                  | of mutation]
  3999 | D:5      | Noticed a hornet
  4011 | D:5      | Killed a hornet
  4016 | D:5      | Identified the +7 ring mail of Untold Secrets {Rampage Fly
                  | Int+2}
  4219 | D:5      | Found a sparkling altar of Nemelex Xobeh.
  4228 | D:5      | Reached skill level 5 in Fighting
  4228 | D:5      | Reached XP level 8. HP: 46/68 MP: 8/8
  4265 | D:5      | Became a worshipper of Nemelex Xobeh the Trickster
  4658 | D:5      | Identified the +2 leather armour of the Sunfish {^Drain rC+
                  | Will+ SInv}
  4668 | D:5      | Found a staircase to the Ecumenical Temple.
  4689 | Temple   | Entered the Ecumenical Temple
  4955 | D:6      | Noticed Menkaure
  5260 | D:6      | Reached skill level 8 in Shapeshifting
  5291 | D:6      | Killed Menkaure
  5496 | D:6      | Reached skill level 9 in Shapeshifting
  5496 | D:6      | Reached XP level 9. HP: 42/74 MP: 9/9
  5500 | D:6      | Reached * piety under Nemelex Xobeh
  5507 | D:6      | Found a glowing drain.
  5587 | Sewer    | Entered a sewer
  6510 | D:7      | Received a gift from Nemelex Xobeh
  6545 | D:7      | Found a snail-covered altar of Cheibriados.
  6654 | D:7      | Found Orpho's Book Shoppe.
  6663 | D:7      | Bought a book of Cantrips for 176 gold pieces
  6665 | D:7      | Learned a level 1 spell: Apportation
  7009 | D:7      | Learned a level 2 spell: Blink
  7073 | D:7      | Reached ** piety under Nemelex Xobeh
  7314 | D:8      | Reached skill level 10 in Shapeshifting
  7314 | D:8      | Reached skill level 1 in Invocations
  7407 | D:8      | Noticed Psyche
  7468 | D:8      | Noticed Pikel
  7483 | D:8      | Killed Pikel
  7781 | D:8      | Reached skill level 5 in Invocations
  7794 | D:8      | HP: 3/74 [acid dragon/splash of acid (12)]
  7795 | D:8      | Killed from afar by an acid dragon

Illustrated notes

Levels and vault maps discovered:
D:1:      mrwooster_arrival_statue_3, layout_basic
D:2:      layout_rooms
D:3:      kennysheep_the_goblin_king, layout_basic,
          mainiacjoe_overflow_small_starburst, uniq_crazy_yiuf_cottage
D:4:      layout_basic, nicolae_overflow_hidden_temple, tgw_sif,
          nicolae_letterblocks [nicolae_letter_subblock,
          nicolae_letter_subblock, nicolae_letter_subblock,
          nicolae_letter_subblock, nicolae_letter_subblock,
          nicolae_letter_subblock, nicolae_letter_subblock,
          nicolae_letter_subblock, nicolae_letter_subblock,
          nicolae_letter_subblock, nicolae_letter_subblock,
          nicolae_letter_subblock, nicolae_letter_subblock,
          nicolae_letter_subblock, nicolae_letter_subblock,
          nicolae_letter_subblock, nicolae_letter_subblock,
          nicolae_letter_subblock, nicolae_letter_subblock,
          nicolae_letter_subblock, nicolae_letter_subblock,
          nicolae_letter_subblock, nicolae_letter_subblock,
          nicolae_letter_subblock, nicolae_letter_subblock], uniq_grinder
D:5:      layout_loops_corners, nemelex_dance_club_becter,
          minmay_temple_entry_slanted
D:6:      layout_cave_pools, portal_sewer_entry_c, serial_park,
          serial_park_square3 [serial_park_minivault_5x5_5],
          serial_park_fountain, serial_park_tiny_1, serial_park_square3
          [serial_park_minivault_5x5_1], uniq_menkaure
D:7:      layout_loops_corners, slow_altar_1, serial_shops, shop
D:8:      nzn_winding_woodlands_small [nzn_winding_woodlands_5x15_crooked,
          nzn_winding_woodlands_center_pierced_h,
          nzn_winding_woodlands_5x15_lazy_stream], layout_gridville,
          uniq_psyche, uniq_pikel
Temple:   cyrus_circular_temple

Skill      XL: |  1  2  3  4  5  6  7  8  9 |
---------------+----------------------------+-----
Shapeshifting  | 3 4 5 6 7 9 10 | 10.0
Fighting       | 5 |  5.4
Invocations    | 5 |  5.9
Dodging        | |  1.3
Unarmed Combat | |  2.6

Action                     |  1- 3 |  4- 6 |  7- 9 || total
---------------------------+-------+-------+-------++-------
  Melee: Unarmed           |    39 |     5 |   149 ||   193
         Tailslap          |    12 |     7 |    47 ||    66
         Dagger            |    76 |    53 |   183 ||   312
         Punch             |     1 |       |     2 ||     3
   Fire: Orcbow            |       |    10 |       ||    10
 Invoke: Draw Destruction  |       |       |     3 ||     3
    Use: Potion            |       |     1 |    10 ||    11
         Scroll            |       |       |     4 ||     4
   Stab: Sleeping          |       |     1 |     1 ||     2
 Armour: Animal skin       |    42 |       |       ||    42
         Robe              |     3 |    34 |    18 ||    55
         Skin              |       |     4 |       ||     4
         Ring mail         |       |       |   199 ||   199
  Dodge: Dodged            |    33 |    21 |    92 ||   146
   Form: Blade             |       |       |     4 ||     4
         Beast             |       |       |     1 ||     1
                           |       |       |     2 ||     2
